 Dungeon Crawl Stone Soup version 0.17.1-1-g73c8601 (webtiles) character file.

467 PossumBlood the Chopper (level 7, 0/52 HPs)
             Began as a Formicid Fighter on Dec 24, 2015.
             Slain by a yak (9 damage)
             ... on level 5 of the Dungeon.
             The game lasted 00:11:23 (3258 turns).

PossumBlood the Chopper (Formicid Fighter)          Turns: 3258, Time: 00:11:23

Health: 0/52       AC:  6    Str: 22    XL:     7   Next: 30%
Magic:  7/7        EV: 13    Int:  8    God:
Gold:   372        SH: 10    Dex: 19    Spells: 0 memorised, 6 levels left

rFire  . . .     SeeInvis +     a - +2 war axe
rCold  . . .     Clarity  .     b - +0 scale mail
rNeg   . . .     SustAt   .     c - +0 shield
rPois  .         Gourm    .     (helmet unavailable)
rElec  .         Spirit   .     (no cloak)
rCorr  .         Warding  .     (no gloves)
rMut   +         Stasis   +     (no boots)
MR     +....                    r - amulet of resist mutation
Stlth  +.........               u - ring of protection from magic
                                l - +4 ring of dexterity

@: agile, somewhat resistant to hostile enchantments, very unstealthy
A: permanent stasis, dig shafts and tunnels, four strong arms, antennae 3
a: Dig, Shaft Self


You were on level 5 of the Dungeon.
You were not hungry.

You visited 1 branch of the dungeon, and saw 5 of its levels.
You also visited: Sewer.

You collected 372 gold pieces.

Inventory:

Hand Weapons
 a - a +2 war axe (weapon)
Missiles
 z - 9 tomahawks (quivered)
Armour
 b - a +0 scale mail (worn)
 c - a +0 shield (worn)
Jewellery
 l - a +4 ring of dexterity (left hand)
 m - an uncursed ring of wizardry
 r - an amulet of resist mutation (around neck)
 u - a ring of protection from magic (right hand)
Wands
 v - a wand of fire (1)
Scrolls
 g - 3 scrolls of remove curse
 h - a scroll of magic mapping
 i - a scroll of immolation
 q - a scroll of fog
 t - a scroll of enchant armour {unknown}
Potions
 d - 2 potions of invisibility
 e - a potion of haste
 f - 2 potions of curing
 n - a potion of flight {unknown}
 p - a potion of brilliance
 s - 2 potions of lignification {unknown}
Comestibles
 j - a meat ration
 k - a bread ration


   Skills:
 - Level 3.2 Fighting
 * Level 7.4 Axes
 - Level 3.2 Armour
 - Level 3.6 Shields


You had 6 spell levels left.
You didn't know any spells.

Dungeon Overview and Level Annotations

Branches:
Dungeon (5/15)
 Temple: D:4-7

Altars:
Nemelex Xobeh
Zin


Innate Abilities, Weirdness & Mutations

You are under a permanent stasis effect.
You can dig through walls and to a lower floor.
Your four strong arms can wield two-handed weapons with a shield.
You have a pair of large antennae on your head (SInv).


Message History

The yak is moderately wounded.
The yak closely misses you. The yak gores you. The yak gores you!
You slash the yak!
The yak is almost dead.
You hit the yak.
The yak is moderately wounded.
You slash the yak!
The yak is moderately wounded.
The yak gores you but does no damage. x2
You block the yak's attack. The yak closely misses you.
Drink which item? (? for menu, Esc to quit)
You feel agile all of a sudden. The yak closely misses you. The yak gores you!
The yak gores you.
* * * LOW HITPOINT WARNING * * *
Drink which item? (? for menu, Esc to quit)
You feel better. The yak barely misses you. The yak completely misses you.
The yak gores you!
* * * LOW HITPOINT WARNING * * *
The yak gores you!
You die...

#......#....#
######......#....#
#............#....#
#............#....#
#............#....#
#.....)......#....#
#............#....# ###+#
#............'...Y#Y.....
#............#..@.YY.....
#............#...Y#Y.....
.............#+#### .....
.##+####.................
#............. ...
#...........# ##
#...........#
#...........#
#.........<.#


You could see 6 yaks.

Vanquished Creatures
  Purgy (Sewer)
  An ice beast (D:5)
  The ghost of Musteatbrain the Skirmisher, a weakling DsFi (D:3)
  A crimson imp (D:4)
  An orc priest (D:3)
  A worker ant (D:5)
  8 adders
  A gnoll (D:1)
  2 worms
  2 giant geckos
  6 orcs
  A giant cockroach (D:2)
  6 hobgoblins
  6 jackals
  12 kobolds
  A quokka (D:3)
  2 bats
  3 giant newts
  6 goblins
  7 rats
69 creatures vanquished.

Notes
Turn   | Place    | Note
--------------------------------------------------------------
     0 | D:1      | PossumBlood the Formicid Fighter began the quest for the Orb.
     0 | D:1      | Reached XP level 1. HP: 18/18 MP: 1/1
   116 | D:1      | Reached XP level 2. HP: 21/24 MP: 2/2
   429 | D:1      | Reached XP level 3. HP: 10/29 MP: 3/3
   757 | D:2      | Noticed an angel
   758 | D:2      | Found a glowing silver altar of Zin.
  1036 | D:2      | Reached skill level 4 in Axes
  1036 | D:2      | Reached XP level 4. HP: 25/35 MP: 4/4
  1369 | D:3      | Reached XP level 5. HP: 19/41 MP: 5/5
  1374 | D:3      | Reached skill level 5 in Axes
  1388 | D:3      | Noticed Musteatbrain's ghost (weakling DsFi)
  1397 | D:3      | Killed Musteatbrain's ghost
  1692 | D:3      | Found a glowing drain.
  1701 | Sewer    | Entered a sewer
  1879 | Sewer    | Noticed Purgy
  1920 | Sewer    | HP: 1/41 [Purgy (4)]
  1921 | Sewer    | Killed Purgy
  1921 | Sewer    | Reached skill level 6 in Axes
  1921 | Sewer    | Reached XP level 6. HP: 1/47 MP: 6/6
  2981 | D:4      | Found a sparkling altar of Nemelex Xobeh.
  3060 | D:5      | Entered Level 5 of the Dungeon
  3084 | D:5      | Noticed an ice beast
  3105 | D:5      | Killed an ice beast
  3105 | D:5      | Reached skill level 7 in Axes
  3105 | D:5      | Reached XP level 7. HP: 32/52 MP: 7/7
  3248 | D:5      | Noticed a yak
  3248 | D:5      | Noticed a yak
  3248 | D:5      | Noticed a yak
  3248 | D:5      | Noticed a yak
  3248 | D:5      | Noticed a yak
  3249 | D:5      | Noticed a yak
  3258 | D:5      | Slain by a yak

Action                   |  1- 3 |  4- 6 |  7- 9 || total
-------------------------+-------+-------+-------++-------
Melee: War axe           |    77 |   162 |    15 ||   254
  Use: Scroll            |       |    17 |       ||    17
       Potion            |       |     4 |     2 ||     6
  Eat: Bread ration      |       |     1 |       ||     1
       Fruit             |       |     2 |       ||     2
       Beef jerky        |       |     1 |       ||     1
